Map: Sequencer LE

Players

JonSnow - Winner!

  • Race: Zerg Zerg
  • Spawn Location: 1:00

Zanster

  • Race: Zerg Zerg
  • Spawn Location: 7:00

Event: WCS Jonkoping 2017

VOD

Have the link to the VOD?

Description

Time

  • Played on: June 17, 2017, 2:22 p.m.
  • Length: 8:14

All games in this series

Show
View Real Time Build Order
Export as new Build Order

JonSnow Zerg - Winner!

Build Orders: Hatch First 

Get SALT Encoding   

  12  0:00  Drone  
  13  0:12  Overlord  
  13  0:17  Drone  
  14  0:34  Drone  
  14  0:35  Drone x2  
  17  0:54  Hatchery  
  16  0:58  Drone  
  16  1:01  Drone  
  18  1:08  Extractor  
  17  1:17  Spawning Pool  
  16  1:19  Drone  
  16  1:23  Drone  
  18  1:33  Overlord  
  18  1:40  Drone  
  19  1:50  Drone  
  20  2:00  Drone  
  21  2:03  Queen  
  21  2:06  Queen, Zergling x2  
  26  2:10  Metabolic Boost  
  26  2:14  Drone  
  27  2:19  Drone  
  27  2:22  Drone  
  29  2:27  Evolution Chamber  
  28  2:34  Drone  
  28  2:35  Drone  
  30  2:43  Queen  
  33  2:44  Drone  
  33  2:46  Drone  
  33  2:49  Overlord  
  34  2:56  Zerg Melee Weapons Level 1  
  34  3:04  Drone x2  
  36  3:19  Drone x4  
  41  3:20  Drone x4  
  43  3:27  Lair  
  43  3:28  Zergling x2  
  43  3:29  Extractor  
  43  3:35  Zergling x2  
  43  3:40  Overlord  
  43  3:41  Overlord  
  44  3:43  Extractor  
  44  3:45  Extractor  
  42  3:50  Overlord  
  42  3:53  Drone x2  
  44  4:00  Zergling x12  
  50  4:11  Zergling x4  
  52  4:22  Zergling x10  
  57  4:26  Spire  
  57  4:27  Zergling x6  
  59  4:36  Overlord  
  59  4:39  Drone  
  60  4:53  Hatchery  
  60  4:55  Drone x4  
  60  4:58  Drone  
  64  5:00  Drone  
  62  5:09  Drone x4  
  62  5:13  Drone  
  58  5:39  Mutalisk x6  
  67  5:47  Overlord  
  67  5:48  Overlord  
  65  5:57  Mutalisk  
  65  6:01  Mutalisk  
  65  6:02  Spine Crawler  
  67  6:05  Mutalisk  
  67  6:06  Mutalisk x3  
  75  6:14  Zergling x2  
  75  6:15  Zergling x2  
  75  6:18  Zergling x2  
  78  6:19  Zergling x4  
  78  6:20  Queen  
  78  6:22  Mutalisk  
  78  6:24  Zergling x2  
  78  6:25  Zergling x6  
  88  6:27  Drone  
  89  6:38  Extractor, Overlord x2  
  88  6:44  Extractor  
  85  6:56  Mutalisk x3  
  85  6:59  Zergling x12  
  88  7:04  Mutalisk  
  88  7:07  Zergling x6  
  88  7:11  Mutalisk  
  90  7:19  Zergling x2  
  90  7:20  Zergling x2  
  92  7:25  Drone x5  
  97  7:31  Mutalisk  
  97  7:36  Overlord  
  98  7:39  Mutalisk  
  100  7:45  Zergling x6  
Show
View Real Time Build Order
Export as new Build Order

Zanster Zerg 

Build Orders: Hatch First 

Get SALT Encoding   

  12  0:00  Drone  
  13  0:14  Overlord  
  13  0:18  Drone  
  14  0:32  Drone x2  
  16  0:36  Drone  
  17  0:53  Hatchery  
  17  0:55  Drone  
  17  0:58  Drone  
  18  1:12  Spawning Pool  
  18  1:15  Drone  
  18  1:19  Drone  
  19  1:30  Drone  
  20  1:40  Hatchery  
  20  1:43  Drone  
  20  1:52  Drone  
  21  2:04  Queen  
  21  2:05  Queen  
  21  2:08  Zergling x2  
  26  2:12  Drone  
  27  2:16  Spine Crawler  
  27  2:18  Drone  
  27  2:22  Overlord  
  27  2:26  Drone  
  29  2:39  Overlord  
  29  2:40  Queen  
  29  2:42  Queen  
  33  2:44  Drone  
  33  2:46  Drone  
  33  2:49  Drone  
  33  2:51  Extractor  
  35  2:52  Extractor  
  35  2:55  Drone x2  
  36  3:00  Drone x2  
  36  3:04  Drone  
  39  3:08  Drone  
  40  3:16  Spine Crawler  
  40  3:17  Drone x3  
  42  3:21  Spore Crawler  
  42  3:25  Drone x2  
  42  3:26  Drone x2  
  47  3:28  Drone, Overlord  
  47  3:31  Drone  
  48  3:35  Drone  
  48  3:36  Drone  
  50  3:42  Evolution Chamber, Drone  
  50  3:44  Evolution Chamber  
  49  3:52  Drone x3  
  52  3:56  Drone x4  
  52  3:59  Overlord  
  56  4:04  Drone  
  56  4:05  Drone  
  56  4:09  Zerg Melee Weapons Level 1  
  58  4:14  Extractor x2, Drone  
  58  4:15  Drone  
  58  4:16  Overlord  
  58  4:26  Metabolic Boost  
  58  4:27  Drone  
  58  4:28  Drone x6  
  58  4:29  Drone  
  66  4:33  Extractor  
  66  4:34  Overlord  
  66  4:36  Drone  
  66  4:37  Drone x2  
  68  4:42  Baneling Nest  
  68  4:44  Spine Crawler  
  66  4:49  Spine Crawler x2  
  65  4:54  Overlord  
  65  4:55  Zergling x10  
  65  4:56  Zergling x2  
  71  5:00  Lair  
  71  5:07  Zergling x6  
  71  5:08  Zergling x2  
  71  5:13  Zergling x14  
  73  5:18  Zergling x2  
  60  5:21  Queen  
  57  5:29  Zergling x6  
  57  5:30  Zergling x2  
  57  5:35  Queen  
  56  5:37  Baneling x2  
  56  5:38  Zergling x2  
  54  5:43  Zergling x2  
  54  5:44  Zergling x2  
  54  5:55  Baneling x2  
  54  6:01  Evolution Chamber, Drone x5  
  57  6:07  Spire  
  57  6:09  Overseer  
  56  6:12  Drone  
  56  6:14  Drone  
  58  6:18  Queen  
  58  6:20  Drone  
  58  6:22  Drone  
  58  6:24  Drone  
  63  6:34  Spore Crawler x2  
  63  6:38  Overlord  
  61  6:40  Drone  
  61  6:41  Drone  
  61  6:44  Overlord  
  63  6:50  Spore Crawler  
  58  7:01  Zergling x12  
  56  7:07  Zergling x6  
  56  7:11  Queen  
  55  7:17  Zergling x2  
  55  7:18  Overlord x2  
  53  7:34  Overlord  
  53  7:36  Queen x2, Zergling x6  
  53  7:37  Zergling x2  
  60  7:39  Zergling x4  
  60  7:42  Zergling x4  
  60  7:44  Zergling x2  
  61  7:52  Zergling x6  
Tags
 
Add a new tag
Caveats
  • Supply blocks, unpowered buildings, or Contaminate may cause inaccurate times.
  • Supply counts are checked every 10 seconds.